 Dungeon Crawl Stone Soup version 0.26.1-12-g5ba1501909 (webtiles) character file.

Game seed: 10981848849730356005

225 Zeld the Chucker (level 5, -13/53 HPs)
             Began as a Troll Hunter on Oct 28, 2021.
             Mangled by an orc
             ... wielding a +1 falchion of electrocution
              (14 damage)
             ... on level 3 of the Dungeon.
             The game lasted 00:04:43 (2395 turns).

Zeld the Chucker (Troll Hunter)                     Turns: 2395, Time: 00:04:44

Health: -13/53     AC:  6    Str: 21    XL:     5   Next: 68%
Magic:  4/4        EV: 10    Int:  7    God:
Gold:   104        SH:  5    Dex: 10    Spells: 4/4 levels left

rFire    . . .     SeeInvis .   a - +0 morningstar
rCold    . . .     Faith    .   (no shield)
rNeg     . . .     Spirit   .   b - +0 robe
rPois    .         Reflect  +   (helmet restricted)
rElec    .         Harm     .   (no cloak)
rCorr    .         Rampage  .   (gloves unavailable)
Will     .....                  (boots unavailable)
Stlth    +.........             j - amulet of reflection
HPRegen  0.57/turn              (no ring)
MPRegen  0.09/turn              (no ring)

@: no status effects
A: large, unfitting armour, claws 3, regeneration 1, shaggy fur 1, tough skin 3
a: no special abilities


You were on level 3 of the Dungeon.
You visited 1 branch of the dungeon, and saw 3 of its levels.

You collected 104 gold pieces.

Inventory:

Hand Weapons
 a - a +0 morningstar (weapon)
Missiles
 c - 5 large rocks (quivered)
 d - 2 throwing nets
 g - 5 boomerangs
Armour
 b - a +0 robe (worn)
Jewellery
 j - an amulet of reflection (around neck)
Scrolls
 e - a scroll of identify {unknown}
 h - a scroll of immolation {unknown}
 i - 2 scrolls of teleportation {unknown}
 k - 2 scrolls of magic mapping {unknown}
 m - a scroll of enchant armour {unknown}
 n - a scroll of remove curse {unknown}
 p - a scroll of blinking {unknown}
Potions
 f - a potion of curing {unknown}
 l - a potion of attraction {unknown}
 o - a potion of flight {unknown}


   Skills:
 * Level 3.0 Fighting
 + Level 1.5 Maces & Flails
 * Level 4.5 Throwing
 + Level 2.3 Dodging
 + Level 1.2 Stealth


You had 4 spell levels left.
You didn't know any spells.
Your spell library was empty.

Dungeon Overview and Level Annotations

Branches:
Dungeon (3/15)

Altars:


Innate Abilities, Weirdness & Mutations

You are too large for most types of armour.
You have claws for hands.
Your natural rate of healing is unusually fast.
You are covered in fur. (AC +1)
You have extremely tough skin. (AC +3)


Message History

You hit the adder.
The adder is almost dead.
You feel sick. You block the adder's attack. The adder closely misses you.
You thump the adder!
You kill the adder!
Your Fighting skill increases to level 3!
You closely miss the orc. The orc closely misses you.
Press: ? - help, v - describe, . - travel
Here: an orc, wielding a +1 falchion of electrocution and wearing a +0 leather armour The floor, spattered with blood.
You feel sick.
The orc hits you with a +1 falchion of electrocution.
You are electrocuted!
* * * LOW HITPOINT WARNING * * *
You feel sick.
You are no longer poisoned.
The orc hits you with a +1 falchion of electrocution.
* * * LOW HITPOINT WARNING * * *
You are electrocuted!
You die...

............... ........
...........# #..>... .
#.## #...... #. #..###
###.... #..#....# #.....
#......## #.....
###.....############
#..... ..
#.......##.......###.....
..##
#....##o@.......)........
....
#....####....(...........
.##.# #....#
##............... .# ..##
#....# #.............##
.# ..# #....#
#.............# .#
#.######..
######...)....# .# #..#
### #.#######.. .#####.#
..# .. .......# .#


You could see an orc.

Vanquished Creatures
  A bullfrog (D:2)
  Terence (D:2)
  Jessica (D:2)
  4 adders
  2 dart slugs (D:2)
  A leopard gecko (D:1)
  2 giant cockroaches (D:1)
  5 goblins
  8 hobgoblins
  4 jackals (D:2)
  9 kobolds
  2 quokkas (D:2)
  2 ball pythons
  11 bats
  7 frilled lizards
  11 rats
71 creatures vanquished.

Vanquished Creatures (others)
  A bat (D:2)
  A plant (D:1)
2 creatures vanquished.

Grand Total: 73 creatures vanquished

Notes
Turn   | Place    | Note
-------+----------+-------------------------------------------
     0 | D:1      | Zeld the Troll Hunter began the quest for the Orb.
     0 | D:1      | Reached XP level 1. HP: 19/19 MP: 0/0
   248 | D:1      | Reached XP level 2. HP: 25/28 MP: 1/1
  1150 | D:2      | Reached XP level 3. HP: 34/35 MP: 2/2
  1319 | D:2      | Reached skill level 4 in Throwing
  1516 | D:2      | Noticed a bullfrog
  1523 | D:2      | Killed a bullfrog
  1524 | D:2      | Reached skill level 1 in Maces & Flails
  1524 | D:2      | Reached skill level 1 in Stealth
  1524 | D:2      | Reached XP level 4. HP: 32/44 MP: 3/3
  1717 | D:2      | Noticed Jessica
  1725 | D:2      | Reached XP level 5. HP: 46/50 MP: 4/4
  1737 | D:2      | Killed Jessica
  1803 | D:2      | Noticed Terence
  1814 | D:2      | Killed Terence
  2395 | D:3      | HP: 1/53 [orc/+1 falchion of electrocution (6)]
  2395 | D:3      | Mangled by an orc

Illustrated notes

Levels and vault maps discovered:
D:1:      elethiomel_arrival_shortcut, layout_loops_corners, serial_forest,
          infiniplex_forest_zigzag_1, infiniplex_forest_clump_tiny,
          infiniplex_forest_straight_4, infiniplex_forest_fountain,
          infiniplex_forest_lined_ring, infiniplex_forest_end_double,
          infiniplex_forest_clump_small, infiniplex_forest_straight_3,
          infiniplex_forest_clump_double
D:2:      layout_loops_corners, uniq_terence, uniq_jessica
D:3:      layout_rooms, minmay_three_crescents

Skill      XL: |  1  2  3  4  5 |
---------------+----------------+-----
Fighting       | 2 3 |  3.0
Throwing       | 4 |  4.5
Maces & Flails | 1 |  1.5
Dodging        | 2 |  2.3
Stealth        | 1 |  1.2

Action                   |  1- 3 |  4- 6 || total
-------------------------+-------+-------++-------
Melee: Unarmed           |    17 |       ||    17
       Club              |    86 |       ||    86
       Morningstar       |    77 |   100 ||   177
 Stab: Sleeping          |     2 |       ||     2
Armor: Robe              |   115 |    35 ||   150
Dodge: Dodged            |   161 |    63 ||   224
Block: Other             |       |    29 ||    29
